 Dungeon Crawl Stone Soup version 0.29-a0-418-gc0181ea (webtiles) character file.

Game seed: 4877167357919304462

182 Toastz the Insei (level 5, -2/52 HPs)
             Began as an Octopode Transmuter on May 17, 2022.
             Splashed by a jelly's acid (8 damage)
             ... on level 3 of the Dungeon.
             The game lasted 00:11:21 (4721 turns).

Toastz the Insei (Octopode Transmuter)              Turns: 4721, Time: 00:11:22

Health: -2/52      AC: 18    Str:  9    XL:     5   Next: 62%
Magic:  7/8        EV:  2    Int: 15    God:
Gold:   217        SH:  0    Dex: 15    Spells: 2/8 levels left

rFire   . . .      SeeInvis .     - Unarmed
rCold   . . .      Faith    .   (no shield)
rNeg    . . .      Spirit   .   (helmet currently unavailable)
rPois   +          Reflect  .   (no amulet)
rElec   .          Harm     .   n - +4 ring of evasion
rCorr   .          Rampage  .   (no ring)
Will    .....      NoTele   +   (no ring)
Stlth   ++........              (no ring)
HPRegen 0.17/turn               (no ring)
MPRegen 0.11/turn               (no ring)
                                (no ring)
                                (no ring)

@: tree-form, corroded
A: stationary, stasis, torment immunity, boosted hp, almost no armour,
(amphibious), 8 rings, (camouflage 1), (gelatinous body 1), (nimble swimmer 1),
(tentacles)
a: no special abilities


You were on level 3 of the Dungeon.
You were a tree.
You visited 1 branch of the dungeon, and saw 4 of its levels.

You collected 217 gold pieces.

Inventory:

Hand Weapons
 b - a +1 dagger of freezing
Missiles
 i - 8 poisoned darts
 m - 102 stones (quivered)
Armour
 r - a +0 kite shield
Magical Staves
 o - a staff of air
Jewellery
 n - a +4 ring of evasion (left branch)
Wands
 p - a wand of polymorph (8)
Scrolls
 c - a scroll of poison
 e - a scroll of vulnerability {unknown}
 f - 2 scrolls of teleportation {unknown}
 g - 3 scrolls of identify {unknown}
 h - a scroll of fear {unknown}
 j - a scroll of silence {unknown}
 l - a scroll of enchant weapon {unknown}
 t - 2 scrolls of noise {unknown}
 v - a scroll of enchant armour {unknown}
 w - a scroll of brand weapon {unknown}
Potions
 a - 2 potions of lignification
 d - 2 potions of heal wounds {unknown}
 k - 2 potions of haste {unknown}
 q - a potion of attraction {unknown}
 s - a potion of cancellation {unknown}
 u - 2 potions of degeneration {unknown}


   Skills:
 + Level 2.5 Fighting
 - Level 2.0 Dodging
 - Level 2.6 Stealth
 * Level 4.8 Unarmed Combat
 - Level 2.0 Spellcasting
 - Level 2.5 Transmutations
 + Level 0.1 Poison Magic


You had 2 spell levels left.
You knew the following spells:

 Your Spells              Type           Power      Damage    Failure   Level
a - Beastly Appendage     Tmut           18%        N/A       8%          1
b - Wereblood             Tmut           9%         N/A       12%         2
c - Spider Form           Tmut/Pois      5%         N/A       36%         3

Your spell library contained the following spells:

 Spells                   Type           Power      Damage    Failure   Level
 Passwall                 Tmut/Erth      4%         N/A       21%         2
 Sandblast                Erth           2%         2d4       22%         1
 Slow                     Hex            4%         N/A       22%         1
 Confusing Touch          Hex            1%         N/A       54%         3
 Ozocubu's Armour         Ice            1%         N/A       54%         3
 Stone Arrow              Conj/Erth      2%         3d7       54%         3
 Vampiric Draining        Necr           1%         2d6       54%         3
 Ice Form                 Ice/Tmut       5%         N/A       78%         4
 Passage of Golubria      Tloc           1%         N/A       91%         4
 Metabolic Englaciation   Hex/Ice        0%         N/A       99%         5
 Silence                  Hex/Air        0%         N/A       99%         5
 Simulacrum               Ice/Necr       0%         N/A       100%        6
 Lehudib's Crystal Spear  Conj/Erth      0%         10d2      100%        8


Dungeon Overview and Level Annotations

Branches:
Dungeon (4/15)
 Temple: D:4-7

Altars:


Innate Abilities, Weirdness & Mutations

You are a tree.
Your roots penetrate the ground, keeping you stationary.
You cannot be teleported.
You are immune to unholy pain and torment.
Your maximum health is greatly increased.
You cannot wear most types of armour.
((You are amphibious.))
You can wear up to eight rings at the same time.
((Your skin changes colour to match your surroundings (Stealth+).))
((Your rubbery body absorbs attacks. (AC +1, EV +1)))
((You are camouflaged when in or above water. (Stealth+)))
((You have tentacles for arms and can constrict up to eight enemies at once.))


Message History

A jelly comes into view.
Found a glowing coppery potion.
Throw: 104 stones
Press: ? - help, Q - select action, (/) - cycle Shift-Dir - straight line, f - jelly
Aim: a jelly (asleep, 98% to hit)
You throw a stone.
The stone hits the jelly but does no damage.
The jelly quivers.
An endoplasm comes into view.
The endoplasm quivers.
There is a stone staircase leading up here.
Casting: Beastly Appendage (safe; 8% risk of failure)
Confirm with . or Enter, or press ? or * to list all spells.
One of your tentacles grows a vicious spike.
Throw: 103 stones
Press: ? - help, Q - select action, (/) - cycle Shift-Dir - straight line, f/p - jelly
Aim: a jelly (89% to hit)
You throw a stone.
The stone hits the jelly but does no damage.
Okay, then.
The jelly jiggles.
The jelly completely misses you.
You climb upwards.
There is a stone staircase leading down here.
You tentacle-slap the jelly. The acid corrodes you!
Your tentacles burn!
The jelly is moderately wounded.
The jelly hits you.
You are splashed with acid!
You tentacle-slap the jelly.
Your tentacles burn!
You pierce the jelly, but do no damage.
The jelly is heavily wounded.
You tentacle-slap the jelly.
Your tentacles burn!
The jelly is severely wounded.
The jelly hits you. The acid corrodes you!
You are splashed with acid!
* * * LOW HITPOINT WARNING * * *
Really quaff the potion of lignification?
Your tentacle spike disappears.
You turn into a tree.
Your roots penetrate the ground.
The jelly hits you.
* * * LOW HITPOINT WARNING * * *
You are splashed with acid!
You die...

......# ......# ......#
......# ......# ####+##
# #.##
####..##################
................♣J.....#
#####.###.############.#
#####..##.# #.........#
##......#.#
#.########### #......#.#
#.##........# #......#[#
#....#..###.# #####..#.#
######..###.# ##.#.#
#.......#...# #.#.#
#.##.#.....##


You could see a jelly.

Vanquished Creatures
  Ijyb (D:3)
  Robin (D:3)
  8 adders
  A worm (D:3)
  A dart slug (D:3)
  7 bats
  2 endoplasms (D:2)
  2 giant cockroaches (D:1)
  13 goblins
  12 hobgoblins
  3 quokkas
  8 ball pythons
  2 frilled lizards
  3 kobolds
  5 rats
69 creatures vanquished.

Vanquished Creatures (others)
  5 plants (D:1)
5 creatures vanquished.

Grand Total: 74 creatures vanquished

Notes
Turn   | Place    | Note
-------+----------+-------------------------------------------
     0 | D:1      | Toastz the Octopode Transmuter began the quest for the Orb.
     0 | D:1      | Reached XP level 1. HP: 13/13 MP: 3/3
   367 | D:1      | Reached skill level 1 in Stealth
   367 | D:1      | Reached XP level 2. HP: 18/18 MP: 3/5
   624 | D:1      | Learned a level 2 spell: Wereblood
  1004 | D:1      | Found a faded altar of an unknown god.
  1125 | D:1      | Reached XP level 3. HP: 20/23 MP: 4/6
  2052 | D:2      | Reached skill level 4 in Unarmed Combat
  2052 | D:2      | Reached XP level 4. HP: 24/29 MP: 5/7
  2773 | D:2      | Learned a level 3 spell: Spider Form
  3003 | D:3      | Noticed Ijyb
  3054 | D:3      | Noticed Robin
  3332 | D:3      | Killed Robin
  3426 | D:3      | Reached XP level 5. HP: 32/34 MP: 6/8
  3671 | D:3      | Killed Ijyb
  4721 | D:3      | Splashed by a jelly's acid

Illustrated notes

Levels and vault maps discovered:
D:1:      elethiomel_arrival_quiet, layout_basic,
          nicolae_ecumenical_snake_handling, serial_bayou, serial_bayou_shore_a,
          serial_bayou_pond_c, serial_bayou_pond_d, serial_bayou_ford_a,
          serial_bayou_pond_d, serial_bayou_crossing
D:2:      layout_basic
D:3:      layout_basic, minmay_stone_trees_medium, uniq_ijyb, uniq_robin
D:4:      layout_basic, minmay_temple_entry_statues, gammafunk_ghost_cemetery,
          minmay_pentomino_pile

Skill      XL: |  1  2  3  4 |
---------------+-------------+-----
Stealth        | 1 2 |  2.6
Unarmed Combat | 4 |  4.8
Fighting       | 2 |  2.5
Dodging        | |  2.0
Spellcasting   | |  2.0
Transmutations | |  2.5
Poison Magic   | |  0.1

Action                   |  1- 3 |  4- 6 || total
-------------------------+-------+-------++-------
Melee: Unarmed           |    67 |    81 ||   148
       Kick              |    20 |    21 ||    41
       Tentacles         |    15 |    11 ||    26
       Constrict         |    19 |    23 ||    42
       Punch             |       |     2 ||     2
Throw: Stone             |     5 |    13 ||    18
 Cast: Beastly Appendage |    24 |    21 ||    45
       Wereblood         |     1 |     5 ||     6
  Use: Scroll            |     1 |       ||     1
       Potion            |       |     1 ||     1
 Stab: Sleeping          |     4 |     2 ||     6
Armor: Skin              |     7 |     8 ||    15
Dodge: Dodged            |    33 |    54 ||    87

Table legend: (Time is in decaauts)
 A = Elapsed time spent in this place.
 B = Non-inter-level travel time spent in this place.
 C = Inter-level travel time spent in this place.
 D = Time resting spent in this place.
 E = Time spent auto-exploring this place.
 F = Levels seen in this place.
 G = Mean time per level.
                   A        B        C        D        E       F      G
               +--------+--------+--------+--------+--------+-----+--------+
         Total |   4719 |   4511 |    208 |   1448 |   2225 |   4 | 1179.8 |
       Dungeon |   4719 |   4511 |    208 |   1448 |   2225 |   4 | 1179.8 |
               +--------+--------+--------+--------+--------+-----+--------+

Top non-repeatable levels by time:
     D:2: 1845 daAuts
     D:1: 1499 daAuts
     D:3: 1298 daAuts
     D:4: 75 daAuts
